 Dungeon Crawl Stone Soup version 0.30.0-29-ga12c61a403 (webtiles) character file.

Game seed: 7558475675735989405

15882 Elmgren the Warrior (level 12, 0/121 HPs)
             Began as a Minotaur Berserker on June 23, 2023.
             Was an Elder of Trog.
             Slain by a 14-headed hydra (10 damage)
             ... on level 10 of the Dungeon.
             The game lasted 00:18:19 (11129 turns).

Elmgren the Warrior (Minotaur Berserker)           Turns: 11129, Time: 00:18:19

Health: 0/121      AC: 14    Str: 40    XL:     12   Next: 5%
Magic:  11/11      EV: 11    Int:  4    God:    Trog [****..]
Gold:   1005       SH:  2    Dex:  9    Spells: 11/11 levels left

rFire   x . .        K - +7 hand axe
rCold   + . .        w - +0 buckler
rNeg    . . .        H - +5 ring mail of Instinct {rElec Regen+ Str+3}
rPois   +            (helmet restricted)
rElec   +            d - +1 cloak
rCorr   .            (no gloves)
SInv    +            (no boots)
Will    +....        (no amulet) Stlth
                     g - ring of Ciecaun {Ice rPois Will- Str+3 SInv}
HPRegen 2.20/turn    v - +6 ring of strength
MPRegen 0.12/turn

%: no passive effects
@: strong-willed, on berserk cooldown, regenerating
A: horns 2, retaliatory headbutt
a: Renounce Religion, Berserk, Trog's Hand, Brothers in Arms


You were on level 10 of the Dungeon.
You worshipped Trog.
Trog was greatly pleased with you.
You visited 1 branch of the dungeon, and saw 10 of its levels.
You also visited: Sewer and Ossuary.

You collected 1005 gold pieces.

Inventory:

Hand Weapons
 K - a +7 hand axe (weapon)
Armour
 d - a +1 cloak (worn)
 f - a +0 ring mail
 w - a +0 buckler (worn)
 H - the +5 ring mail of Instinct (worn) {rElec Regen+ Str+3}
   (You found it on level 8 of the Dungeon)

   Str:       It affects your strength (+3).
   rElec:     It insulates you from electricity.
   Regen:     It increases your rate of health regeneration.
 J - a +0 plate armour
Jewellery
 g - the ring of Ciecaun (left hand) {Ice rPois Will- Str+3 SInv}
   (You took it off a gnoll on level 3 of the Dungeon)

   [ring of ice]

   It enhances your ice magic.
   Str:       It affects your strength (+3).
   rF:        It makes you vulnerable to fire.
   rC:        It protects you from cold.
   rPois:     It protects you from poison.
   SInv:      It lets you see invisible.
   Will:      It decreases your willpower.
 i - a ring of poison resistance
 v - a +6 ring of strength (right hand)
 C - an amulet of reflection
 D - a ring of protection from cold
 E - a ring of resist corrosion
Wands
 p - a wand of roots (2)
 y - a wand of polymorph (3)
 B - a wand of flame (32)
Scrolls
 j - a scroll of poison
 o - a scroll of magic mapping
 r - 5 scrolls of teleportation
 x - a scroll of fog
 F - a scroll of blinking
 G - 2 scrolls of fear {unknown}
Potions
 b - 6 potions of might
 c - 5 potions of brilliance
 e - 2 potions of resistance {unknown}
 h - 6 potions of curing
 k - 4 potions of haste
 l - 2 potions of attraction {unknown}
 m - 4 potions of heal wounds
 n - a potion of flight {unknown}
 q - 3 potions of mutation {unknown}
 s - 3 potions of degeneration
 t - 3 potions of magic
 u - a potion of lignification {unknown}
 z - a potion of invisibility {unknown}
 A - 2 potions of cancellation {unknown}
Miscellaneous
 a - a box of beasts


   Skills:
 + Level 15.2 Fighting
 + Level 15.2 Axes
 + Level 10.8 Armour
 - Level 2.1 Dodging


You had 11 spell levels left.
You didn't know any spells.
Your spell library was empty.

Dungeon Overview and Level Annotations

Branches:
Dungeon (10/15) Zot: 26312  Temple (0/1) D:4           Sewer (visited)
Ossuary (visited)
   Lair: D:8-11         Orc: D:9-12

Altars:
Ashenzari
Dithmenos
Fedhas
Hepliaklqana
Kikubaaqudgha
Makhleb
Nemelex Xobeh
Trog
Wu Jian
Yredelemnul

Shops:
D:1 [   D:6 [   D:7 (   D:9 (


Innate Abilities, Weirdness & Mutations

You have a pair of horns on your head.
You reflexively headbutt those who attack you in melee.


Message History

The 11-headed hydra bites you but does no damage.
The 11-headed hydra barely misses you. The 11-headed hydra bites you!
The 11-headed hydra bites you. The 11-headed hydra barely misses you.
The 11-headed hydra bites you!
* * * LOW HITPOINT WARNING * * *
The 11-headed hydra bites you but does no damage.
The 11-headed hydra misses you. The 11-headed hydra bites you.
* * * LOW HITPOINT WARNING * * *
The deep troll earth mage gestures next to you while chanting.
The wall shatters!
The blast of rock fragments hits you!
* * * LOW HITPOINT WARNING * * *
You take 54 damage, and have 36/121 hp.
MASSIVE DAMAGE!!
You slice one of the 11-headed hydra's heads off!
The ten-headed hydra grows two more!
You slice the 12-headed hydra!! The 12-headed hydra bites you!
* * * LOW HITPOINT WARNING * * *
The 12-headed hydra bites you but does no damage. x2
You block the 12-headed hydra's attack. The 12-headed hydra bites you.
* * * LOW HITPOINT WARNING * * *
The 12-headed hydra closely misses you.
The 12-headed hydra bites you but does no damage.
The 12-headed hydra misses you. x2; You block the 12-headed hydra's attack.
The 12-headed hydra barely misses you.
The 12-headed hydra completely misses you.
You take 12 damage, and have 24/121 hp.
You hack one of the 12-headed hydra's heads off!
The 11-headed hydra grows two more!
You slice the 13-headed hydra!!
You slice one of the 13-headed hydra's heads off!
The 12-headed hydra grows two more!
You slice the 14-headed hydra!! The 14-headed hydra bites you.
* * * LOW HITPOINT WARNING * * *
The 14-headed hydra closely misses you. The 14-headed hydra barely misses you.
The 14-headed hydra misses you. x2; The 14-headed hydra bites you.
* * * LOW HITPOINT WARNING * * *
The 14-headed hydra completely misses you.
You block the 14-headed hydra's attack. The 14-headed hydra closely misses you.
The 14-headed hydra bites you.
* * * LOW HITPOINT WARNING * * *
The 14-headed hydra bites you!
You die...

#### ##.....##
####'# #. #######
#..))# ## #...
###..))# # ##...#
#.†....# # #.....
###)....?#
#..⌠..##......###
.......#.....?#
.......#....###
.....TD@....#
###'#########


You could see a 14-headed hydra and a deep troll earth mage.

Vanquished Creatures
  A frost giant (D:10)
  2 two-headed ogres
  2 centaur warriors (D:10)
  Urug (D:10)
  A deep elf knight (D:10)
  Pikel (D:9)
  3 ugly things (D:10)
  A cyclops (D:10)
  An efreet (D:10)
  3 trolls (D:10)
  A troll (shapeshifter) (D:10)
  Grinder (D:4)
  Prince Ribbit (D:5)
  2 hornets
  2 shadows (D:10)
  A wraith (D:10)
  A vampire (D:10)
  A basilisk (D:10)
  15 yaks
  Edmund (D:4)
  Menkaure (D:7)
  A vampire mosquito (D:10)
  2 water moccasins
  Duvessa (D:7)
  2 ice beasts
  2 black bears
  3 ogres
  4 lemures (D:9)
  3 centaurs
  3 phantoms
  6 kobold brigands
  A gnoll sergeant (D:9)
  3 scorpions
  4 bullfrogs
  A necrophage (Sewer)
  An elf skeleton (D:4)
  9 wights
  Dowan (D:7)
  7 killer bees
  An electric eel (D:7)
  4 howler monkeys
  A human zombie (D:4)
  3 hounds
  3 orc priests
  4 iguanas
  A human skeleton (D:4)
  5 orc wizards
  8 mummies (Ossuary)
  7 gnolls
  10 adders
  5 shadow imps (Sewer)
  4 white imps
  5 ufetubi
  4 worms
  2 dart slugs (D:2)
  24 orcs
  6 bats
  5 endoplasms
  5 giant cockroaches
  A gnoll zombie (Ossuary)
  4 hobgoblins
  11 jackals
  37 kobolds
  5 quokkas
  8 ball pythons
  2 frilled lizards (D:1)
  5 goblins
  2 hobgoblin zombies (Ossuary)
  A kobold zombie (Ossuary)
  An orc skeleton (D:4)
  6 orc zombies
  10 rats
297 creatures vanquished.

Notes
Turn   | Place    | Note
-------+----------+-------------------------------------------
     0 | D:1      | Elmgren the Minotaur Berserker began the quest for the Orb.
     0 | D:1      | Reached XP level 1. HP: 19/19 MP: 0/0
    70 | D:1      | Noticed a floating eye
    71 | D:1      | Found a faded altar of an unknown god.
    75 | D:1      | Noticed a floating eye
    81 | D:1      | Noticed a golden eye
   184 | D:1      | Reached XP level 2. HP: 27/27 MP: 1/1
   569 | D:1      | Noticed a great orb of eyes
   685 | D:1      | Found Jeaw's Antique Armour Emporium.
  1173 | D:2      | Reached ** piety under Trog
  1181 | D:2      | Reached XP level 3. HP: 34/34 MP: 2/2
  1770 | D:3      | Reached XP level 4. HP: 39/41 MP: 3/3
  1787 | D:3      | Found a shadowy altar of Dithmenos.
  1791 | D:3      | Reached skill level 5 in Fighting
  1791 | D:3      | Reached skill level 5 in Axes
  1794 | D:3      | Noticed a scorpion
  1800 | D:3      | Killed a scorpion
  1906 | D:3      | Reached XP level 5. HP: 47/48 MP: 4/4
  2009 | D:3      | Noticed an ice beast
  2017 | D:3      | Killed an ice beast
  2247 | D:3      | Identified the ring of Ciecaun {Ice rPois Will- Str+3 SInv}
  2260 | D:3      | Reached XP level 6. HP: 38/57 MP: 5/5
  2675 | D:4      | Reached *** piety under Trog
  2692 | D:4      | Found a staircase to the Ecumenical Temple.
  3105 | D:4      | Reached XP level 7. HP: 47/66 MP: 6/6
  3181 | D:4      | Found a sand-covered staircase.
  3191 | Ossuary  | Entered an ossuary
  3917 | D:4      | Noticed Grinder
  3927 | D:4      | Killed Grinder
  4055 | D:4      | Found a blossoming altar of Fedhas.
  4067 | D:4      | Noticed Edmund
  4078 | D:4      | Killed Edmund
  4326 | D:4      | Reached XP level 8. HP: 68/77 MP: 7/7
  4772 | D:5      | Entered Level 5 of the Dungeon
  4773 | D:5      | Noticed Prince Ribbit
  4786 | D:5      | Killed Prince Ribbit
  5070 | D:5      | Found a glowing drain.
  5074 | Sewer    | Entered a sewer
  5297 | Sewer    | Reached **** piety under Trog
  5377 | Sewer    | Found an ancient bone altar of Kikubaaqudgha.
  5380 | Sewer    | Reached skill level 10 in Axes
  5392 | Sewer    | Reached skill level 10 in Fighting
  6073 | D:5      | Reached XP level 9. HP: 79/86 MP: 8/8
  6737 | D:6      | Found Xaij's Armour Emporium.
  6953 | D:6      | Found a bloodstained altar of Trog.
  6954 | D:6      | Found a basalt altar of Yredelemnul.
  6954 | D:6      | Found a sparkling altar of Nemelex Xobeh.
  6955 | D:6      | Found an ornate altar of the Wu Jian Council.
  7107 | D:7      | Found a burning altar of Makhleb.
  7173 | D:7      | Found Kulif's Weapon Shop.
  7185 | D:7      | Noticed Menkaure
  7194 | D:7      | Killed Menkaure
  7229 | D:7      | Found an ancient bone altar of Kikubaaqudgha.
  7447 | D:7      | Noticed Duvessa
  7447 | D:7      | Noticed Dowan
  7457 | D:7      | Killed Duvessa
  7459 | D:7      | Killed Dowan
  8310 | D:8      | Reached skill level 5 in Armour
  8538 | D:8      | Reached XP level 10. HP: 76/97 MP: 9/9
  8660 | D:8      | Identified the +5 ring mail of Instinct {rElec Regen+
                  | Str+3}
  9175 | D:9      | Identified the +6 falchion of Earthquakes {drain, rF+
                  | Int+3}
  9247 | D:9      | Found a broken altar of Ashenzari.
  9270 | D:9      | Noticed a two-headed ogre
  9275 | D:9      | Killed a two-headed ogre
  9572 | D:9      | Noticed Pikel
  9593 | D:9      | Killed Pikel
  9942 | D:9      | Found Toipriam's Antique Weapon Boutique.
 10337 | D:9      | Found a hazy altar of Hepliaklqana.
 10442 | D:10     | Entered Level 10 of the Dungeon
 10527 | D:10     | Noticed a centaur warrior
 10536 | D:10     | Killed a centaur warrior
 10537 | D:10     | Reached XP level 11. HP: 89/108 MP: 10/10
 10763 | D:10     | Noticed a red ugly thing
 10770 | D:10     | Killed a red ugly thing
 10931 | D:10     | Noticed a brown ugly thing
 10946 | D:10     | Killed a brown ugly thing
 10997 | D:10     | Noticed a centaur warrior
 10999 | D:10     | Noticed a deep elf knight
 10999 | D:10     | Noticed a brown ugly thing
 10999 | D:10     | Noticed a frost giant
 10999 | D:10     | Noticed Urug
 11006 | D:10     | Killed a frost giant
 11006 | D:10     | Killed a centaur warrior
 11007 | D:10     | Reached skill level 10 in Armour
 11009 | D:10     | Killed a brown ugly thing
 11019 | D:10     | Killed Urug
 11019 | D:10     | Killed a deep elf knight
 11020 | D:10     | Reached skill level 15 in Fighting
 11020 | D:10     | Reached skill level 15 in Axes
 11026 | D:10     | Noticed a two-headed ogre
 11081 | D:10     | Paralysed by a hornet for 3 turns
 11093 | D:10     | Reached XP level 12. HP: 119/119 MP: 11/11
 11096 | D:10     | Killed a two-headed ogre
 11119 | D:10     | Noticed an eight-headed hydra
 11121 | D:10     | Noticed a deep troll earth mage
 11129 | D:10     | Slain by a 14-headed hydra

Illustrated notes

Levels and vault maps discovered:
D:1:      lightli_arrival_chessboard, layout_loops_ring, serial_shops,
          nicolae_shop_trees, hellmonk_ecumenical_altar_watching_god,
          st_stairs_5
D:2:      layout_basic, minmay_quantized
D:3:      layout_basic, grunt_dithmenos_smoke
D:4:      layout_cave_pools, mainiacjoe_overflow_concentric_impassable,
          minmay_temple_entry_offerings, nicolae_ossuary_entry_catacombs,
          guppyfry_early_lair_pool, uniq_edmund, uniq_grinder
D:5:      layout_loops_ring, gup_sewer_entry_spiral, uniq_prince_ribbit1
D:6:      layout_rooms, chequers_temple_overflow_statue_of_worship,
          serial_shops, shop, serial_glass, glass_columns_b, glass_columns_b
D:7:      layout_basic, overflow_temple_1_default,
          lemuel_coloured_pillars_altar, serial_shops, shop, minivault_11,
          minivault_14, feat_on_display, uniq_menkaure, uniq_duvessa
D:8:      layout_basic
D:9:      layout_layer_cave, mainiacjoe_overflow_alcove_1,
          ashenzari_conservatory_becter, serial_shops, nicolae_shop_statue_plus,
          uniq_pikel
D:10:     layout_roguey, minmay_orc_entry_temple_small,
          nicolae_trove_entry_crystal, nicolae_rejected_hall, uniq_urug

Skill      XL: |  1  2  3  4  5  6  7  8  9 10 11 |
---------------+----------------------------------+-----
Fighting       | 4 5 6 7 8 10 12 13 15 | 15.2
Axes           | 4 5 6 7 8 10 12 13 15 | 15.2
Armour         | 5 8 10 | 10.8
Dodging        | |  2.1

Action                     |  1- 3 |  4- 6 |  7- 9 | 10-12 || total
---------------------------+-------+-------+-------+-------++-------
  Melee: Hand axe          |    89 |   140 |   237 |   157 ||   623
         Headbutt          |    11 |    15 |    52 |    45 ||   123
         Punch             |     1 |     3 |       |       ||     4
         War axe           |       |       |    81 |    40 ||   121
 Invoke: Trog's Hand       |     1 |     2 |     9 |    10 ||    22
         Berserk           |       |     1 |     6 |     7 ||    14
    Use: Scroll            |     4 |     1 |    10 |     7 ||    22
 Armour: Animal skin       |     7 |       |       |       ||     7
         Ring mail         |    27 |    35 |    68 |    88 ||   218
  Dodge: Dodged            |    49 |    64 |   137 |   128 ||   378
  Block: Buckler           |       |       |    28 |    18 ||    46
